[ PARTIDA AOE2 · #480404376 ]
UnrankedIndostaníes vs Mongols
Equipo del jugador · DERR
[ ANÁLISIS DE REPETICIÓN · EXTRAÍDO DE LA PARTIDA GRABADA ]
Feudal
11:56
Castillos
—
Imperial
—
| APM promedio | 32.5 |
| APM pico | 76 |
| eAPM promedio | 14.2 |
| Aldeanos / militares | 63 / 23 |
Foco
⚔️ 24.0% · 🌾 76.0%
Scout Cavalry ×23
Feudal
13:14
Castillos
18:11
Imperial
—
| APM promedio | 15.7 |
| APM pico | 35 |
| eAPM promedio | 11.1 |
| Aldeanos / militares | 42 / 0 |
Foco
⚔️ 20.0% · 🌾 80.0%
Feudal
12:05
Castillos
18:42
Imperial
—
| APM promedio | 40.5 |
| APM pico | 77 |
| eAPM promedio | 23.0 |
| Aldeanos / militares | 127 / 12 |
Foco
⚔️ 37.6% · 🌾 62.4%
Steppe Lancer ×4 · Spearman ×3 · Cavalry Archer ×3 · Mangonel ×1 · Battering Ram ×1
Feudal
13:28
Castillos
—
Imperial
—
| APM promedio | 15.3 |
| APM pico | 33 |
| eAPM promedio | 8.8 |
| Aldeanos / militares | 31 / 0 |
Foco
⚔️ 22.7% · 🌾 77.3%
Unknown (2550) ×14
Feudal
11:51
Castillos
—
Imperial
—
| APM promedio | 52.3 |
| APM pico | 90 |
| eAPM promedio | 24.5 |
| Aldeanos / militares | 44 / 30 |
Foco
⚔️ 32.3% · 🌾 67.7%
Archer ×29 · Spearman ×1
Feudal
12:41
Castillos
16:43
Imperial
—
| APM promedio | 28.9 |
| APM pico | 64 |
| eAPM promedio | 13.5 |
| Aldeanos / militares | 53 / 0 |
Foco
⚔️ 31.8% · 🌾 68.2%
Unknown (2579) ×24
Feudal
12:06
Castillos
23:36
Imperial
—
| APM promedio | 20.4 |
| APM pico | 39 |
| eAPM promedio | 11.6 |
| Aldeanos / militares | 36 / 8 |
Foco
⚔️ 26.0% · 🌾 74.0%
Scout Cavalry ×8
Feudal
14:24
Castillos
18:49
Imperial
—
| APM promedio | 61.9 |
| APM pico | 207 |
| eAPM promedio | 33.7 |
| Aldeanos / militares | 51 / 11 |
Foco
⚔️ 44.2% · 🌾 55.8%
Plumed Archer ×11 · Fishing Ship ×1
Mapa de la partida
Recursos iniciales + cada clic de construcción. Líneas = muros · curvas = relieve. ◆ oro · ⬟ piedra · ● bayas · ✦ reliquia · ◌ hueco del cierre
Tu base· ✓ Cerrada en 22:52 · 55t muro · 1 puerta(s)
Base de [KMNB] Dedão· Abierta — flanco sin cerrar
Base de Trollolo· Abierta — flanco sin cerrar
Base de [KMNB] RAGNAR· Abierta — flanco sin cerrar
Base de kenttage· Abierta — flanco sin cerrar
Base de StillNotHelp?· Abierta — flanco sin cerrar
Base de [KNMB] ArcanE· Abierta — flanco sin cerrar
Base de evi· Abierta — hueco de 4t
Terreno inicial suavizado · ◌ = hueco del cierre detectado · pasá el cursor para detalles
Inputs por minuto
— [KMNB] Bandeira - - [KMNB] Dedão
Build order — [KMNB] Bandeira
Primeras 150 de 154 acciones detectadas
| 0:09 | Construir | Town Center |
| 1:50 | Construir | House |
| 1:52 | Construir | House |
| 2:34 | Crear | Villager (Male) |
| 2:35 | Crear | Villager (Male) |
| 2:35 | Crear | Villager (Male) |
| 2:35 | Crear | Villager (Male) |
| 2:36 | Crear | Villager (Male) |
| 3:25 | Crear | Villager (Male) |
| 3:25 | Crear | Villager (Male) |
| 4:37 | Crear | Villager (Male) |
| 4:37 | Crear | Villager (Male) |
| 4:38 | Crear | Villager (Male) |
| 5:11 | Crear | Villager (Male) |
| 5:12 | Crear | Villager (Male) |
| 5:33 | Crear | Villager (Male) |
| 5:34 | Crear | Villager (Male) |
| 5:34 | Crear | Villager (Male) |
| 5:34 | Crear | Villager (Male) |
| 6:16 | Construir | Lumber Camp |
| 6:18 | Crear | Villager (Male) |
| 6:19 | Crear | Villager (Male) |
| 6:19 | Crear | Villager (Male) |
| 6:50 | Crear | Villager (Male) |
| 6:51 | Crear | Villager (Male) |
| 6:51 | Crear | Villager (Male) |
| 6:59 | Construir | House |
| 7:00 | Construir | House |
| 7:12 | Crear | Villager (Male) |
| 7:13 | Crear | Villager (Male) |
| 7:13 | Crear | Villager (Male) |
| 7:50 | Crear | Villager (Male) |
| 8:35 | Construir | Mill |
| 8:41 | Crear | Villager (Male) |
| 8:41 | Crear | Villager (Male) |
| 9:03 | Crear | Villager (Male) |
| 9:04 | Investigar | Loom |
| 9:20 | Investigar | Feudal Age |
| 10:11 | Crear | Villager (Male) |
| 10:11 | Crear | Villager (Male) |
| 10:41 | Construir | Barracks |
| 10:49 | Construir | House |
| 10:50 | Construir | House |
| 11:22 | Crear | Villager (Male) |
| 11:22 | Crear | Villager (Male) |
| 11:47 | Crear | Villager (Male) |
| 11:56 | Edad | Edad Feudal |
| 12:00 | Construir | Stable |
| 12:04 | Investigar | Double-Bit Axe |
| 12:15 | Investigar | Horse Collar |
| 12:15 | Investigar | Horse Collar |
| 12:34 | Construir | Palisade Wall |
| 12:38 | Crear | Villager (Male) |
| 12:43 | Crear | Scout Cavalry |
| 12:43 | Crear | Scout Cavalry |
| 12:44 | Crear | Scout Cavalry |
| 12:54 | Construir | Palisade Wall |
| 13:09 | Construir | Palisade Wall |
| 13:12 | Construir | Palisade Wall |
| 13:19 | Construir | Palisade Wall |
| 13:22 | Crear | Scout Cavalry |
| 13:24 | Crear | Villager (Male) |
| 13:24 | Crear | Villager (Male) |
| 13:39 | Construir | Blacksmith |
| 13:46 | Construir | Palisade Gate |
| 13:50 | Crear | Scout Cavalry |
| 13:53 | Crear | Villager (Male) |
| 13:53 | Crear | Villager (Male) |
| 14:07 | Construir | Palisade Wall |
| 14:11 | Construir | Palisade Wall |
| 14:13 | Construir | Palisade Wall |
| 14:36 | Construir | House |
| 14:41 | Crear | Scout Cavalry |
| 14:46 | Crear | Villager (Male) |
| 14:46 | Crear | Villager (Male) |
| 14:46 | Crear | Villager (Male) |
| 14:54 | Construir | Mill |
| 14:56 | Crear | Villager (Male) |
| 15:03 | Investigar | Forging |
| 15:03 | Investigar | Forging |
| 15:15 | Crear | Villager (Male) |
| 15:15 | Crear | Villager (Male) |
| 15:25 | Crear | Villager (Male) |
| 15:30 | Crear | Villager (Male) |
| 15:39 | Construir | Farm |
| 15:44 | Construir | Farm |
| 15:52 | Crear | Villager (Male) |
| 16:06 | Crear | Scout Cavalry |
| 16:35 | Crear | Villager (Male) |
| 16:35 | Crear | Villager (Male) |
| 16:39 | Construir | Farm |
| 16:40 | Construir | Farm |
| 16:40 | Construir | Farm |
| 16:42 | Crear | Scout Cavalry |
| 16:42 | Crear | Scout Cavalry |
| 17:01 | Construir | Farm |
| 17:02 | Construir | Farm |
| 17:02 | Construir | Farm |
| 17:02 | Construir | Farm |
| 17:03 | Construir | Farm |
| 17:04 | Crear | Villager (Male) |
| 17:05 | Crear | Villager (Male) |
| 17:10 | Crear | Scout Cavalry |
| 17:10 | Crear | Scout Cavalry |
| 18:06 | Crear | Scout Cavalry |
| 18:08 | Crear | Villager (Male) |
| 18:10 | Construir | House |
| 18:11 | Construir | House |
| 18:26 | Construir | Farm |
| 18:29 | Crear | Scout Cavalry |
| 18:35 | Crear | Scout Cavalry |
| 18:43 | Crear | Scout Cavalry |
| 18:43 | Crear | Scout Cavalry |
| 18:50 | Crear | Villager (Male) |
| 18:50 | Crear | Villager (Male) |
| 18:53 | Construir | House |
| 18:54 | Construir | House |
| 18:56 | Construir | Farm |
| 18:59 | Construir | Farm |
| 19:00 | Construir | Farm |
| 19:06 | Construir | Farm |
| 19:31 | Crear | Scout Cavalry |
| 19:32 | Crear | Scout Cavalry |
| 19:44 | Crear | Scout Cavalry |
| 19:45 | Crear | Scout Cavalry |
| 19:45 | Crear | Scout Cavalry |
| 20:14 | Crear | Scout Cavalry |
| 20:14 | Crear | Scout Cavalry |
| 20:36 | Construir | House |
| 20:40 | Construir | Farm |
| 20:41 | Construir | Farm |
| 20:41 | Construir | Farm |
| 20:41 | Construir | Farm |
| 20:42 | Construir | Farm |
| 20:43 | Crear | Villager (Male) |
| 20:44 | Crear | Villager (Male) |
| 20:54 | Crear | Villager (Male) |
| 21:15 | Construir | Mining Camp |
| 21:19 | Crear | Villager (Male) |
| 21:52 | Crear | Villager (Male) |
| 21:52 | Crear | Villager (Male) |
| 21:57 | Construir | Market |
| 22:08 | Construir | Farm |
| 22:13 | Crear | Villager (Male) |
| 22:14 | Crear | Villager (Male) |
| 22:52 | Investigar | Castle Age |
| 23:04 | Construir | Stable |
| 23:14 | Construir | Watch Tower |
| 23:29 | Construir | House |
| 23:32 | Construir | House |
Build order — [KMNB] Dedão
101 acciones detectadas en el replay
| 0:52 | Construir | Town Center |
| 1:34 | Construir | House |
| 2:53 | Crear | Villager (Male) |
| 2:53 | Crear | Villager (Male) |
| 2:54 | Crear | Villager (Male) |
| 3:15 | Construir | House |
| 4:20 | Crear | Villager (Male) |
| 4:20 | Crear | Villager (Male) |
| 4:43 | Investigar | Loom |
| 4:48 | Construir | Lumber Camp |
| 5:01 | Crear | Villager (Male) |
| 5:01 | Crear | Villager (Male) |
| 5:32 | Crear | Villager (Male) |
| 5:32 | Crear | Villager (Male) |
| 6:48 | Construir | Mill |
| 6:52 | Crear | Villager (Male) |
| 6:52 | Crear | Villager (Male) |
| 7:12 | Crear | Villager (Male) |
| 7:13 | Crear | Villager (Male) |
| 8:00 | Construir | House |
| 8:09 | Crear | Villager (Male) |
| 8:10 | Crear | Villager (Male) |
| 8:36 | Crear | Villager (Male) |
| 9:10 | Crear | Villager (Male) |
| 9:11 | Crear | Villager (Male) |
| 9:43 | Construir | House |
| 9:55 | Crear | Villager (Male) |
| 10:03 | Construir | House |
| 10:19 | Construir | Mining Camp |
| 10:31 | Crear | Villager (Male) |
| 10:51 | Investigar | Feudal Age |
| 11:32 | Construir | Barracks |
| 11:39 | Crear | Villager (Male) |
| 12:44 | Construir | Palisade Wall |
| 12:47 | Construir | Palisade Wall |
| 12:51 | Construir | Palisade Wall |
| 13:14 | Edad | Edad Feudal |
| 13:16 | Construir | Market |
| 13:22 | Crear | Villager (Male) |
| 13:53 | Crear | Villager (Male) |
| 14:13 | Construir | Blacksmith |
| 14:28 | Crear | Villager (Male) |
| 14:44 | Construir | House |
| 14:53 | Crear | Villager (Male) |
| 15:31 | Investigar | Castle Age |
| 15:31 | Investigar | Castle Age |
| 16:09 | Investigar | Double-Bit Axe |
| 16:16 | Construir | Stable |
| 16:50 | Construir | House |
| 16:54 | Construir | Palisade Wall |
| 16:59 | Construir | Palisade Wall |
| 17:01 | Construir | Palisade Wall |
| 17:02 | Construir | Palisade Wall |
| 17:03 | Construir | Palisade Wall |
| 17:08 | Construir | Palisade Wall |
| 17:09 | Construir | Palisade Wall |
| 17:10 | Construir | Palisade Wall |
| 17:11 | Construir | Palisade Wall |
| 17:12 | Construir | Palisade Wall |
| 17:13 | Construir | Palisade Wall |
| 17:14 | Construir | Palisade Wall |
| 17:15 | Construir | Palisade Wall |
| 17:15 | Construir | Palisade Wall |
| 17:16 | Construir | Palisade Wall |
| 17:16 | Construir | Palisade Wall |
| 17:35 | Investigar | Gold Mining |
| 18:11 | Edad | Edad de los Castillos |
| 18:36 | Construir | Farm |
| 18:37 | Construir | Farm |
| 18:39 | Crear | Villager (Male) |
| 18:39 | Crear | Villager (Male) |
| 18:58 | Construir | Castle |
| 19:06 | Crear | Villager (Male) |
| 19:13 | Construir | Farm |
| 19:15 | Investigar | Horse Collar |
| 19:55 | Construir | Palisade Wall |
| 19:57 | Construir | Palisade Wall |
| 19:59 | Construir | Palisade Wall |
| 20:12 | Crear | Villager (Male) |
| 20:12 | Crear | Villager (Male) |
| 20:33 | Crear | Villager (Male) |
| 21:10 | Crear | Villager (Male) |
| 21:41 | Construir | Town Center |
| 21:46 | Crear | Villager (Male) |
| 21:50 | Construir | Farm |
| 21:53 | Construir | Farm |
| 22:01 | Crear | Villager (Male) |
| 22:39 | Crear | Villager (Male) |
| 22:57 | Construir | Town Center |
| 22:59 | Crear | Villager (Male) |
| 23:20 | Crear | Villager (Male) |
| 23:25 | Construir | Farm |
| 23:30 | Construir | Farm |
| 23:32 | Crear | Villager (Male) |
| 23:35 | Construir | Farm |
| 23:49 | Construir | Farm |
| 23:52 | Crear | Villager (Male) |
| 23:55 | Crear | Villager (Male) |
| 24:24 | Construir | Castle |
| 24:26 | Crear | Villager (Male) |
| 24:27 | Crear | Villager (Male) |
Build order — Trollolo
Primeras 150 de 183 acciones detectadas
| 0:21 | Construir | Town Center |
| 1:43 | Construir | House |
| 2:25 | Crear | Villager (Male) |
| 2:25 | Crear | Villager (Male) |
| 2:25 | Crear | Villager (Male) |
| 2:25 | Crear | Villager (Male) |
| 3:34 | Crear | Villager (Male) |
| 3:50 | Crear | Villager (Male) |
| 4:35 | Construir | House |
| 4:45 | Crear | Villager (Male) |
| 4:47 | Crear | Villager (Male) |
| 4:49 | Crear | Villager (Male) |
| 5:12 | Construir | Lumber Camp |
| 5:19 | Crear | Villager (Male) |
| 5:20 | Crear | Villager (Male) |
| 5:25 | Crear | Villager (Male) |
| 6:05 | Construir | House |
| 6:08 | Construir | House |
| 6:24 | Crear | Villager (Male) |
| 6:25 | Crear | Villager (Male) |
| 6:26 | Crear | Villager (Male) |
| 6:28 | Crear | Villager (Male) |
| 6:30 | Construir | House |
| 6:30 | Crear | Villager (Male) |
| 6:38 | Crear | Villager (Male) |
| 6:39 | Crear | Villager (Male) |
| 6:44 | Crear | Villager (Male) |
| 6:49 | Investigar | Loom |
| 6:51 | Crear | Villager (Male) |
| 6:55 | Crear | Villager (Male) |
| 7:02 | Crear | Villager (Male) |
| 7:08 | Crear | Villager (Male) |
| 7:10 | Crear | Villager (Male) |
| 7:15 | Crear | Villager (Male) |
| 7:16 | Crear | Villager (Male) |
| 7:16 | Crear | Villager (Male) |
| 7:29 | Crear | Villager (Male) |
| 7:30 | Crear | Villager (Male) |
| 7:40 | Crear | Villager (Male) |
| 7:42 | Crear | Villager (Male) |
| 7:44 | Crear | Villager (Male) |
| 7:49 | Crear | Villager (Male) |
| 7:57 | Crear | Villager (Male) |
| 8:08 | Construir | House |
| 8:13 | Crear | Villager (Male) |
| 8:15 | Crear | Villager (Male) |
| 8:18 | Crear | Villager (Male) |
| 8:21 | Crear | Villager (Male) |
| 8:34 | Crear | Villager (Male) |
| 8:35 | Crear | Villager (Male) |
| 8:43 | Crear | Villager (Male) |
| 8:45 | Crear | Villager (Male) |
| 8:50 | Crear | Villager (Male) |
| 8:50 | Crear | Villager (Male) |
| 8:58 | Crear | Villager (Male) |
| 9:03 | Crear | Villager (Male) |
| 9:07 | Crear | Villager (Male) |
| 9:10 | Crear | Villager (Male) |
| 9:21 | Construir | Mill |
| 9:21 | Crear | Villager (Male) |
| 9:33 | Crear | Villager (Male) |
| 9:36 | Crear | Villager (Male) |
| 9:45 | Crear | Villager (Male) |
| 9:52 | Investigar | Feudal Age |
| 9:52 | Crear | Villager (Male) |
| 10:17 | Crear | Villager (Male) |
| 10:17 | Crear | Villager (Male) |
| 10:23 | Construir | Lumber Camp |
| 10:24 | Crear | Villager (Male) |
| 10:27 | Crear | Villager (Male) |
| 10:49 | Crear | Villager (Male) |
| 10:52 | Crear | Villager (Male) |
| 10:57 | Crear | Villager (Male) |
| 11:00 | Crear | Villager (Male) |
| 11:03 | Crear | Villager (Male) |
| 11:10 | Construir | Barracks |
| 11:10 | Crear | Villager (Male) |
| 11:24 | Construir | Palisade Wall |
| 11:28 | Crear | Villager (Male) |
| 11:32 | Crear | Villager (Male) |
| 11:49 | Construir | Palisade Wall |
| 11:50 | Crear | Villager (Male) |
| 11:56 | Construir | House |
| 12:05 | Edad | Edad Feudal |
| 12:05 | Crear | Villager (Male) |
| 12:19 | Construir | Archery Range |
| 12:22 | Crear | Spearman |
| 12:23 | Crear | Villager (Male) |
| 12:25 | Crear | Villager (Male) |
| 12:30 | Crear | Villager (Male) |
| 12:38 | Construir | House |
| 12:42 | Construir | Palisade Gate |
| 12:44 | Construir | Palisade Wall |
| 12:45 | Construir | Palisade Wall |
| 12:48 | Crear | Villager (Male) |
| 12:52 | Crear | Villager (Male) |
| 12:53 | Crear | Villager (Male) |
| 12:54 | Crear | Villager (Male) |
| 13:05 | Crear | Villager (Male) |
| 13:15 | Investigar | Town Watch |
| 13:15 | Crear | Villager (Male) |
| 13:21 | Crear | Villager (Male) |
| 13:35 | Construir | Blacksmith |
| 13:35 | Crear | Villager (Male) |
| 13:41 | Construir | Blacksmith |
| 13:41 | Crear | Villager (Male) |
| 13:45 | Crear | Spearman |
| 13:47 | Crear | Villager (Male) |
| 13:50 | Crear | Villager (Male) |
| 14:02 | Crear | Villager (Male) |
| 14:16 | Investigar | Double-Bit Axe |
| 14:20 | Crear | Villager (Male) |
| 14:21 | Crear | Villager (Male) |
| 14:23 | Crear | Villager (Male) |
| 14:40 | Construir | Market |
| 14:44 | Crear | Villager (Male) |
| 14:46 | Crear | Villager (Male) |
| 14:58 | Crear | Villager (Male) |
| 15:08 | Crear | Villager (Male) |
| 15:09 | Construir | Mining Camp |
| 15:14 | Crear | Villager (Male) |
| 15:19 | Crear | Villager (Male) |
| 15:25 | Crear | Villager (Male) |
| 15:37 | Crear | Spearman |
| 16:02 | Investigar | Castle Age |
| 16:28 | Construir | Stable |
| 16:40 | Crear | Villager (Male) |
| 16:45 | Crear | Villager (Male) |
| 16:58 | Crear | Villager (Male) |
| 17:22 | Crear | Villager (Male) |
| 17:36 | Construir | House |
| 17:37 | Construir | Palisade Wall |
| 17:40 | Construir | Palisade Wall |
| 17:42 | Construir | Palisade Wall |
| 17:45 | Construir | Palisade Wall |
| 18:01 | Crear | Villager (Male) |
| 18:17 | Crear | Villager (Male) |
| 18:22 | Crear | Villager (Male) |
| 18:37 | Crear | Villager (Male) |
| 18:42 | Edad | Edad de los Castillos |
| 18:47 | Crear | Steppe Lancer |
| 18:47 | Crear | Steppe Lancer |
| 18:52 | Crear | Villager (Male) |
| 18:56 | Investigar | Wheelbarrow |
| 18:56 | Crear | Villager (Male) |
| 19:01 | Construir | Siege Workshop |
| 19:35 | Crear | Mangonel |
| 20:52 | Construir | Gate |
| 20:58 | Construir | House |
| 20:59 | Construir | House |
Build order — [KMNB] RAGNAR
70 acciones detectadas en el replay
| 0:36 | Construir | Town Center |
| 1:03 | Construir | House |
| 3:05 | Crear | Villager (Male) |
| 3:05 | Crear | Villager (Male) |
| 3:45 | Crear | Villager (Male) |
| 4:05 | Crear | Villager (Male) |
| 4:31 | Crear | Villager (Male) |
| 4:31 | Crear | Villager (Male) |
| 5:11 | Crear | Villager (Male) |
| 5:11 | Crear | Villager (Male) |
| 5:43 | Crear | Villager (Male) |
| 6:09 | Construir | Settlement |
| 6:23 | Investigar | Loom |
| 6:34 | Crear | Villager (Male) |
| 7:11 | Crear | Villager (Male) |
| 7:24 | Crear | Villager (Male) |
| 7:40 | Crear | Villager (Male) |
| 8:05 | Crear | Villager (Male) |
| 8:37 | Crear | Villager (Male) |
| 8:56 | Crear | Villager (Male) |
| 9:46 | Crear | Villager (Male) |
| 10:08 | Construir | Outpost |
| 10:14 | Crear | Villager (Male) |
| 10:49 | Crear | Villager (Male) |
| 11:18 | Investigar | Feudal Age |
| 11:35 | Construir | Barracks |
| 12:19 | Crear | Unit 2550 ×3 |
| 12:49 | Crear | Villager (Male) |
| 13:03 | Construir | Barracks |
| 13:11 | Crear | Villager (Male) |
| 13:28 | Edad | Edad Feudal |
| 13:53 | Investigar | Tech 1402 |
| 13:56 | Crear | Unit 2550 |
| 13:56 | Crear | Unit 2550 |
| 14:00 | Construir | House |
| 14:02 | Construir | House |
| 14:06 | Crear | Villager (Male) |
| 14:28 | Investigar | Arson |
| 14:31 | Crear | Villager (Male) |
| 14:46 | Construir | Blacksmith |
| 15:29 | Crear | Unit 2550 |
| 15:29 | Crear | Unit 2550 |
| 15:29 | Crear | Unit 2550 |
| 15:33 | Crear | Villager (Male) |
| 15:55 | Crear | Unit 2550 |
| 16:06 | Crear | Unit 2550 |
| 16:07 | Crear | Unit 2550 |
| 16:15 | Construir | Watch Tower |
| 16:39 | Construir | Farm |
| 16:39 | Construir | Farm |
| 16:40 | Construir | Farm |
| 16:40 | Construir | Farm |
| 16:40 | Construir | Farm |
| 16:41 | Construir | Farm |
| 16:45 | Crear | Villager (Male) |
| 16:45 | Crear | Villager (Male) |
| 17:13 | Crear | Villager (Male) |
| 17:33 | Construir | Farm |
| 18:14 | Crear | Villager (Male) |
| 18:28 | Construir | Market |
| 18:32 | Crear | Unit 2550 |
| 18:33 | Crear | Unit 2550 |
| 18:33 | Crear | Unit 2550 |
| 19:17 | Construir | Watch Tower |
| 19:43 | Construir | Watch Tower |
| 20:57 | Crear | Villager (Male) |
| 20:58 | Crear | Villager (Male) |
| 23:27 | Construir | Watch Tower |
| 24:15 | Crear | Villager (Male) |
| 24:44 | Construir | Farm |
Build order — kenttage
122 acciones detectadas en el replay
| 0:23 | Construir | Town Center |
| 2:40 | Investigar | Loom |
| 2:41 | Investigar | Loom |
| 3:14 | Crear | Villager (Male) |
| 3:14 | Crear | Villager (Male) |
| 3:14 | Crear | Villager (Male) |
| 3:34 | Crear | Villager (Male) |
| 3:34 | Crear | Villager (Male) |
| 3:58 | Crear | Villager (Male) |
| 3:58 | Crear | Villager (Male) |
| 4:25 | Crear | Villager (Male) |
| 4:25 | Crear | Villager (Male) |
| 4:25 | Crear | Villager (Male) |
| 4:54 | Crear | Villager (Male) |
| 4:54 | Crear | Villager (Male) |
| 5:19 | Crear | Villager (Male) |
| 5:19 | Crear | Villager (Male) |
| 5:42 | Construir | House |
| 6:12 | Crear | Villager (Male) |
| 6:12 | Crear | Villager (Male) |
| 6:12 | Crear | Villager (Male) |
| 6:17 | Construir | House |
| 6:33 | Construir | Lumber Camp |
| 6:43 | Crear | Villager (Male) |
| 6:44 | Crear | Villager (Male) |
| 7:20 | Construir | Mill |
| 7:25 | Crear | Villager (Male) |
| 7:25 | Crear | Villager (Male) |
| 7:26 | Crear | Villager (Male) |
| 7:52 | Crear | Villager (Male) |
| 8:30 | Crear | Villager (Male) |
| 8:47 | Construir | Outpost |
| 9:41 | Investigar | Feudal Age |
| 9:54 | Construir | Outpost |
| 10:27 | Construir | House |
| 10:45 | Construir | Barracks |
| 11:31 | Crear | Villager (Male) |
| 11:51 | Edad | Edad Feudal |
| 11:51 | Crear | Villager (Male) |
| 11:55 | Construir | Archery Range |
| 12:01 | Investigar | Double-Bit Axe |
| 12:01 | Investigar | Double-Bit Axe |
| 12:08 | Construir | Blacksmith |
| 12:45 | Crear | Archer |
| 12:45 | Crear | Archer |
| 12:52 | Construir | Archery Range |
| 13:03 | Construir | House |
| 13:08 | Crear | Spearman |
| 13:09 | Crear | Villager (Male) |
| 13:16 | Construir | House |
| 13:28 | Crear | Archer |
| 13:38 | Crear | Villager (Male) |
| 14:05 | Investigar | Fletching |
| 14:05 | Investigar | Fletching |
| 14:32 | Crear | Archer |
| 14:32 | Crear | Archer |
| 14:35 | Crear | Villager (Male) |
| 14:58 | Construir | Lumber Camp |
| 15:02 | Crear | Archer |
| 15:02 | Crear | Archer |
| 15:02 | Crear | Archer |
| 15:46 | Crear | Archer |
| 15:47 | Crear | Archer |
| 15:56 | Crear | Archer |
| 16:03 | Crear | Archer |
| 16:09 | Construir | House |
| 16:47 | Crear | Villager (Male) |
| 17:03 | Construir | Mining Camp |
| 17:12 | Construir | Watch Tower |
| 17:25 | Construir | Palisade Wall |
| 17:27 | Construir | Palisade Wall |
| 17:31 | Crear | Archer |
| 17:32 | Crear | Archer |
| 17:32 | Crear | Villager (Male) |
| 17:51 | Crear | Villager (Male) |
| 18:09 | Crear | Archer |
| 18:10 | Crear | Villager (Male) |
| 18:15 | Construir | Lumber Camp |
| 18:21 | Construir | Palisade Wall |
| 18:22 | Construir | Palisade Wall |
| 18:24 | Crear | Archer |
| 18:25 | Crear | Villager (Male) |
| 18:57 | Crear | Archer |
| 18:57 | Crear | Archer |
| 19:06 | Construir | Watch Tower |
| 19:08 | Construir | Palisade Wall |
| 19:25 | Crear | Archer |
| 19:26 | Crear | Archer |
| 19:51 | Construir | Mining Camp |
| 20:23 | Construir | Watch Tower |
| 20:24 | Crear | Villager (Male) |
| 20:41 | Crear | Villager (Male) |
| 20:50 | Crear | Archer |
| 20:50 | Crear | Archer |
| 21:04 | Crear | Villager (Male) |
| 21:12 | Crear | Archer |
| 21:12 | Crear | Archer |
| 21:16 | Construir | Palisade Wall |
| 21:18 | Construir | Palisade Wall |
| 22:04 | Crear | Villager (Male) |
| 22:05 | Crear | Villager (Male) |
| 22:30 | Investigar | Horse Collar |
| 22:47 | Crear | Archer |
| 22:47 | Crear | Archer |
| 22:59 | Construir | Watch Tower |
| 23:09 | Crear | Villager (Male) |
| 23:12 | Construir | Farm |
| 23:12 | Construir | Farm |
| 23:13 | Construir | Farm |
| 23:16 | Construir | Farm |
| 23:17 | Construir | Farm |
| 23:49 | Crear | Archer |
| 23:49 | Crear | Archer |
| 23:59 | Crear | Archer |
| 24:00 | Crear | Villager (Male) |
| 24:15 | Crear | Villager (Male) |
| 24:18 | Construir | Farm |
| 24:20 | Construir | Farm |
| 24:35 | Crear | Villager (Male) |
| 24:41 | Construir | Mill |
| 25:01 | Crear | Villager (Male) |
| 25:04 | Construir | Farm |
Build order — StillNotHelp?
96 acciones detectadas en el replay
| 0:09 | Construir | Town Center |
| 1:56 | Construir | House |
| 2:28 | Crear | Villager (Male) ×4 |
| 3:27 | Crear | Villager (Male) |
| 4:20 | Construir | Settlement |
| 4:25 | Crear | Villager (Male) |
| 4:26 | Crear | Villager (Male) |
| 4:26 | Crear | Villager (Male) |
| 4:26 | Crear | Villager (Male) |
| 4:58 | Crear | Villager (Male) |
| 4:58 | Crear | Villager (Male) |
| 5:25 | Construir | House |
| 5:42 | Crear | Villager (Male) |
| 5:59 | Crear | Villager (Male) |
| 6:47 | Construir | House |
| 7:09 | Crear | Villager (Male) |
| 7:09 | Crear | Villager (Male) |
| 7:29 | Construir | Settlement |
| 7:35 | Crear | Villager (Male) |
| 7:35 | Crear | Villager (Male) |
| 7:35 | Crear | Villager (Male) |
| 7:52 | Crear | Villager (Male) |
| 7:52 | Crear | Villager (Male) |
| 7:52 | Crear | Villager (Male) |
| 7:53 | Construir | House |
| 7:58 | Construir | House |
| 8:34 | Construir | House |
| 8:43 | Crear | Villager (Male) |
| 9:18 | Construir | House |
| 10:31 | Investigar | Feudal Age |
| 12:23 | Construir | House |
| 12:41 | Edad | Edad Feudal |
| 12:41 | Construir | House |
| 12:46 | Crear | Villager (Male) |
| 12:46 | Crear | Villager (Male) |
| 12:51 | Construir | Market |
| 13:05 | Construir | Blacksmith |
| 13:10 | Crear | Villager (Male) |
| 13:23 | Construir | House |
| 13:26 | Construir | Palisade Wall |
| 13:38 | Construir | Palisade Wall |
| 14:03 | Investigar | Castle Age |
| 14:28 | Investigar | Double-Bit Axe |
| 14:42 | Construir | House |
| 15:23 | Construir | Palisade Wall |
| 15:49 | Investigar | Gold Mining |
| 15:52 | Investigar | Fletching |
| 16:37 | Crear | Villager (Male) |
| 16:43 | Edad | Edad de los Castillos |
| 16:49 | Construir | Castle |
| 16:59 | Crear | Villager (Male) |
| 17:05 | Investigar | Bodkin Arrow |
| 17:32 | Crear | Villager (Male) |
| 17:44 | Crear | Unit 2579 |
| 18:01 | Construir | Settlement |
| 18:06 | Crear | Villager (Male) |
| 18:06 | Crear | Villager (Male) |
| 18:07 | Crear | Villager (Male) |
| 18:10 | Crear | Unit 2579 |
| 18:11 | Crear | Unit 2579 |
| 18:31 | Crear | Unit 2579 |
| 18:46 | Crear | Villager (Male) |
| 19:01 | Crear | Unit 2579 |
| 19:34 | Crear | Villager (Male) |
| 19:35 | Crear | Unit 2579 |
| 19:35 | Crear | Unit 2579 |
| 20:26 | Crear | Villager (Male) |
| 20:37 | Crear | Unit 2579 ×4 |
| 20:53 | Crear | Villager (Male) |
| 21:10 | Crear | Villager (Male) |
| 21:12 | Crear | Unit 2579 |
| 21:18 | Construir | Town Center |
| 21:37 | Crear | Villager (Male) |
| 21:37 | Crear | Unit 2579 |
| 21:38 | Crear | Unit 2579 |
| 21:56 | Crear | Villager (Male) |
| 21:57 | Crear | Villager (Male) |
| 22:12 | Crear | Villager (Male) |
| 22:13 | Crear | Villager (Male) |
| 22:34 | Crear | Villager (Male) |
| 22:44 | Crear | Villager (Male) |
| 22:56 | Crear | Villager (Male) |
| 22:58 | Construir | University |
| 23:00 | Crear | Villager (Male) |
| 23:22 | Crear | Unit 2579 ×5 |
| 23:24 | Crear | Villager (Male) |
| 23:25 | Crear | Villager (Male) |
| 23:59 | Investigar | Ballistics |
| 24:01 | Crear | Villager (Male) |
| 24:01 | Crear | Villager (Male) |
| 24:17 | Investigar | Bow Saw |
| 24:17 | Crear | Villager (Male) |
| 24:18 | Crear | Villager (Male) |
| 24:47 | Crear | Villager (Male) |
| 24:56 | Crear | Villager (Male) |
| 25:01 | Crear | Unit 2579 ×5 |
Build order — [KNMB] ArcanE
89 acciones detectadas en el replay
| 1:04 | Construir | Town Center |
| 1:52 | Construir | House |
| 1:53 | Construir | House |
| 2:50 | Investigar | Loom |
| 2:50 | Crear | Villager (Male) ×4 |
| 4:37 | Crear | Villager (Male) |
| 4:37 | Crear | Villager (Male) |
| 5:14 | Crear | Villager (Male) |
| 5:15 | Crear | Villager (Male) |
| 5:15 | Crear | Villager (Male) |
| 5:56 | Crear | Villager (Male) |
| 5:56 | Crear | Villager (Male) |
| 5:56 | Crear | Villager (Male) |
| 6:00 | Construir | Lumber Camp |
| 6:31 | Crear | Villager (Male) |
| 6:32 | Crear | Villager (Male) |
| 6:32 | Crear | Villager (Male) |
| 6:40 | Construir | House |
| 8:15 | Crear | Villager (Male) |
| 8:15 | Crear | Villager (Male) |
| 8:46 | Construir | Mill |
| 8:51 | Crear | Villager (Male) |
| 9:21 | Crear | Villager (Male) |
| 9:44 | Crear | Villager (Male) |
| 9:56 | Investigar | Feudal Age |
| 9:56 | Investigar | Feudal Age |
| 10:47 | Construir | Barracks |
| 11:12 | Construir | House |
| 11:20 | Construir | Palisade Wall |
| 11:25 | Construir | Palisade Wall |
| 11:31 | Crear | Villager (Male) |
| 11:31 | Crear | Villager (Male) |
| 11:45 | Construir | House |
| 12:06 | Edad | Edad Feudal |
| 12:10 | Construir | Stable |
| 12:24 | Investigar | Double-Bit Axe |
| 12:35 | Crear | Villager (Male) |
| 12:49 | Construir | House |
| 12:53 | Crear | Scout Cavalry ×5 |
| 13:03 | Crear | Villager (Male) |
| 13:25 | Crear | Villager (Male) |
| 13:52 | Crear | Villager (Male) |
| 14:22 | Construir | Mining Camp |
| 14:26 | Construir | Farm |
| 14:27 | Construir | Farm |
| 14:27 | Construir | Farm |
| 14:54 | Crear | Villager (Male) |
| 14:54 | Crear | Villager (Male) |
| 14:58 | Construir | Farm |
| 15:30 | Crear | Scout Cavalry |
| 15:30 | Crear | Scout Cavalry |
| 15:33 | Construir | Farm |
| 15:35 | Crear | Villager (Male) |
| 15:53 | Construir | Farm |
| 15:54 | Crear | Villager (Male) |
| 15:55 | Crear | Villager (Male) |
| 16:34 | Construir | Mill |
| 16:35 | Construir | Farm |
| 16:35 | Construir | Farm |
| 16:35 | Construir | Farm |
| 16:36 | Construir | Farm |
| 16:36 | Construir | Farm |
| 16:36 | Construir | Farm |
| 16:37 | Construir | Farm |
| 16:37 | Construir | Farm |
| 16:37 | Construir | Farm |
| 16:37 | Construir | Farm |
| 16:37 | Construir | Farm |
| 16:38 | Construir | Farm |
| 16:40 | Crear | Villager (Male) |
| 16:46 | Construir | House |
| 17:07 | Investigar | Wheelbarrow |
| 17:16 | Crear | Scout Cavalry |
| 18:04 | Construir | Farm |
| 18:11 | Construir | Archery Range |
| 18:29 | Construir | Mining Camp |
| 19:02 | Crear | Villager (Male) |
| 19:19 | Construir | Mining Camp |
| 19:37 | Construir | Farm |
| 20:04 | Investigar | Stone Mining |
| 20:08 | Construir | Market |
| 20:31 | Crear | Villager (Male) |
| 20:52 | Investigar | Castle Age |
| 21:05 | Construir | Watch Tower |
| 21:11 | Construir | Watch Tower |
| 23:36 | Edad | Edad de los Castillos |
| 23:53 | Construir | Blacksmith |
| 23:59 | Crear | Villager (Male) |
| 24:00 | Crear | Villager (Male) |
Build order — evi
117 acciones detectadas en el replay
| 0:30 | Construir | Town Center |
| 3:03 | Crear | Villager (Male) |
| 3:04 | Investigar | Loom |
| 3:17 | Construir | Palisade Gate |
| 3:25 | Crear | Villager (Male) |
| 3:25 | Crear | Villager (Male) |
| 3:26 | Crear | Villager (Male) |
| 3:28 | Construir | House |
| 4:00 | Construir | House |
| 4:10 | Crear | Villager (Male) |
| 4:40 | Crear | Villager (Male) |
| 4:41 | Crear | Villager (Male) |
| 4:41 | Crear | Villager (Male) |
| 5:11 | Crear | Villager (Male) |
| 5:11 | Crear | Villager (Male) |
| 5:44 | Crear | Villager (Male) |
| 5:44 | Crear | Villager (Male) |
| 5:45 | Crear | Villager (Male) |
| 6:20 | Crear | Villager (Male) |
| 6:20 | Crear | Villager (Male) |
| 6:20 | Crear | Villager (Male) |
| 6:21 | Crear | Villager (Male) |
| 6:21 | Crear | Villager (Male) |
| 6:34 | Crear | Villager (Male) |
| 6:35 | Crear | Villager (Male) |
| 6:35 | Crear | Villager (Male) |
| 6:46 | Construir | House |
| 7:05 | Construir | House |
| 7:19 | Construir | House |
| 7:31 | Construir | Lumber Camp |
| 7:45 | Crear | Villager (Male) |
| 7:51 | Crear | Villager (Male) |
| 8:02 | Crear | Villager (Male) |
| 8:02 | Crear | Villager (Male) |
| 8:02 | Crear | Villager (Male) |
| 8:03 | Crear | Villager (Male) |
| 8:03 | Crear | Villager (Male) |
| 8:03 | Crear | Villager (Male) |
| 8:47 | Crear | Villager (Male) |
| 8:54 | Construir | Palisade Wall |
| 9:04 | Construir | House |
| 9:08 | Crear | Villager (Male) |
| 9:18 | Construir | House |
| 9:39 | Construir | House |
| 9:43 | Crear | Villager (Male) |
| 10:15 | Construir | Palisade Wall |
| 10:16 | Construir | Palisade Wall |
| 11:04 | Construir | Mining Camp |
| 11:20 | Crear | Villager (Male) |
| 11:31 | Construir | Mill |
| 11:56 | Investigar | Feudal Age |
| 12:26 | Construir | Palisade Wall |
| 12:27 | Construir | Palisade Wall |
| 12:28 | Construir | Palisade Wall |
| 13:42 | Crear | Villager (Male) |
| 13:50 | Crear | Villager (Male) |
| 14:23 | Crear | Villager (Male) |
| 14:24 | Edad | Edad Feudal |
| 14:29 | Construir | Market |
| 14:43 | Construir | House |
| 14:55 | Construir | House |
| 15:07 | Crear | Villager (Male) |
| 15:13 | Construir | Blacksmith |
| 16:09 | Investigar | Castle Age |
| 16:09 | Investigar | Castle Age |
| 16:10 | Investigar | Castle Age |
| 16:34 | Construir | House |
| 16:40 | Construir | House |
| 16:44 | Construir | Palisade Wall |
| 17:27 | Construir | Farm |
| 17:35 | Construir | Dock |
| 17:47 | Construir | Farm |
| 18:18 | Investigar | Double-Bit Axe |
| 18:18 | Investigar | Double-Bit Axe |
| 18:49 | Edad | Edad de los Castillos |
| 19:00 | Construir | Castle |
| 19:10 | Crear | Villager (Male) |
| 19:27 | Crear | Villager (Male) |
| 19:45 | Crear | Plumed Archer |
| 19:49 | Crear | Fishing Ship |
| 19:59 | Crear | Plumed Archer |
| 20:30 | Crear | Plumed Archer |
| 20:30 | Crear | Plumed Archer |
| 20:35 | Construir | Farm |
| 20:38 | Construir | Stone Wall |
| 20:40 | Construir | Stone Wall |
| 21:03 | Construir | Town Center |
| 21:18 | Construir | Farm |
| 21:27 | Crear | Plumed Archer |
| 21:32 | Crear | Villager (Male) |
| 21:36 | Crear | Plumed Archer |
| 22:06 | Crear | Plumed Archer |
| 22:09 | Crear | Villager (Male) |
| 22:17 | Crear | Plumed Archer |
| 22:21 | Construir | Farm |
| 22:30 | Crear | Plumed Archer |
| 22:37 | Crear | Villager (Male) |
| 22:59 | Construir | Farm |
| 23:00 | Construir | Farm |
| 23:01 | Construir | Farm |
| 23:39 | Crear | Villager (Male) |
| 23:39 | Crear | Villager (Male) |
| 23:39 | Crear | Villager (Male) |
| 23:42 | Construir | Farm |
| 23:46 | Construir | Farm |
| 23:50 | Crear | Plumed Archer |
| 23:58 | Construir | Stone Wall |
| 24:04 | Construir | Farm |
| 24:18 | Crear | Villager (Male) |
| 24:18 | Crear | Villager (Male) |
| 24:19 | Crear | Plumed Archer |
| 24:35 | Crear | Villager (Male) |
| 24:45 | Crear | Villager (Male) |
| 24:46 | Crear | Villager (Male) |
| 24:59 | Construir | Farm |
| 25:02 | Crear | Villager (Male) |
| 25:04 | Construir | Farm |
Cronología de la partida
| 8:54 | evi · wall_segment Palisade Wall x1 |
| 10:15 | evi · wall_segment Palisade Wall x8 |
| 10:16 | evi · wall_segment Palisade Wall x1 |
| 10:41 | [KMNB] Bandeira · first_building Barracks |
| 10:45 | kenttage · first_building Barracks |
| 10:47 | [KNMB] ArcanE · first_building Barracks |
| 11:10 | Trollolo · first_building Barracks |
| 11:20 | [KNMB] ArcanE · wall_segment Palisade Wall x4 |
| 11:24 | Trollolo · wall_segment Palisade Wall x4 |
| 11:25 | [KNMB] ArcanE · wall_segment Palisade Wall x10 |
| 11:32 | [KMNB] Dedão · first_building Barracks |
| 11:35 | [KMNB] RAGNAR · first_building Barracks |
| 11:49 | Trollolo · wall_segment Palisade Wall x3 |
| 11:51 | kenttage · age_up feudal |
| 11:55 | kenttage · first_building Archery Range |
| 11:56 | [KMNB] Bandeira · age_up feudal |
| 12:00 | [KMNB] Bandeira · first_building Stable |
| 12:05 | Trollolo · age_up feudal |
| 12:06 | [KNMB] ArcanE · age_up feudal |
| 12:10 | [KNMB] ArcanE · first_building Stable |
| 12:19 | Trollolo · first_building Archery Range |
| 12:26 | evi · wall_segment Palisade Wall x1 |
| 12:27 | evi · wall_segment Palisade Wall x1 |
| 12:28 | evi · wall_segment Palisade Wall x1 |
| 12:34 | [KMNB] Bandeira · wall_segment Palisade Wall x9 |
| 12:41 | StillNotHelp? · age_up feudal |
| 12:44 | Trollolo · wall_segment Palisade Wall x4 |
| 12:44 | [KMNB] Dedão · wall_segment Palisade Wall x1 |
| 12:45 | Trollolo · wall_segment Palisade Wall x1 |
| 12:47 | [KMNB] Dedão · wall_segment Palisade Wall x1 |
| 12:51 | [KMNB] Dedão · wall_segment Palisade Wall x1 |
| 12:54 | [KMNB] Bandeira · wall_segment Palisade Wall x4 |
| 13:09 | [KMNB] Bandeira · wall_segment Palisade Wall x12 |
| 13:12 | [KMNB] Bandeira · wall_segment Palisade Wall x15 |
| 13:14 | [KMNB] Dedão · age_up feudal |
| 13:19 | [KMNB] Bandeira · wall_segment Palisade Wall x2 |
| 13:26 | StillNotHelp? · wall_segment Palisade Wall x1 |
| 13:28 | [KMNB] RAGNAR · age_up feudal |
| 13:38 | StillNotHelp? · wall_segment Palisade Wall x1 |
| 14:07 | [KMNB] Bandeira · wall_segment Palisade Wall x2 |
| 14:11 | [KMNB] Bandeira · wall_segment Palisade Wall x6 |
| 14:13 | [KMNB] Bandeira · wall_segment Palisade Wall x5 |
| 14:24 | evi · age_up feudal |
| 14:56 | [KMNB] Dedão · first_market_sell 100 stone |
| 14:57 | [KMNB] Dedão · first_market_buy 100 food |
| 15:23 | StillNotHelp? · wall_segment Palisade Wall x1 |
| 15:27 | Trollolo · first_market_sell 100 stone |
| 16:08 | evi · first_market_buy 100 food |
| 16:16 | [KMNB] Dedão · first_building Stable |
| 16:28 | Trollolo · first_building Stable |
| 16:43 | StillNotHelp? · age_up castle |
| 16:44 | evi · wall_segment Palisade Wall x1 |
| 16:49 | StillNotHelp? · first_building Castle |
| 16:54 | [KMNB] Dedão · wall_segment Palisade Wall x3 |
| 16:59 | [KMNB] Dedão · wall_segment Palisade Wall x5 |
| 17:01 | [KMNB] Dedão · wall_segment Palisade Wall x1 |
| 17:02 | [KMNB] Dedão · wall_segment Palisade Wall x1 |
| 17:03 | [KMNB] Dedão · wall_segment Palisade Wall x1 |
| 17:08 | [KMNB] Dedão · wall_segment Palisade Wall x1 |
| 17:09 | [KMNB] Dedão · wall_segment Palisade Wall x1 |
| 17:10 | [KMNB] Dedão · wall_segment Palisade Wall x1 |
| 17:11 | [KMNB] Dedão · wall_segment Palisade Wall x1 |
| 17:12 | [KMNB] Dedão · wall_segment Palisade Wall x2 |
| 17:13 | [KMNB] Dedão · wall_segment Palisade Wall x1 |
| 17:14 | [KMNB] Dedão · wall_segment Palisade Wall x1 |
| 17:15 | [KMNB] Dedão · wall_segment Palisade Wall x2 |
| 17:15 | [KMNB] Dedão · wall_segment Palisade Wall x1 |
| 17:16 | [KMNB] Dedão · wall_segment Palisade Wall x1 |
| 17:16 | [KMNB] Dedão · wall_segment Palisade Wall x1 |
| 17:25 | kenttage · wall_segment Palisade Wall x1 |
| 17:27 | kenttage · wall_segment Palisade Wall x1 |
| 17:35 | evi · first_building Dock |
| 17:37 | Trollolo · wall_segment Palisade Wall x1 |
| 17:40 | Trollolo · wall_segment Palisade Wall x1 |
| 17:42 | Trollolo · wall_segment Palisade Wall x1 |
| 17:45 | Trollolo · wall_segment Palisade Wall x1 |
| 18:11 | [KMNB] Dedão · age_up castle |
| 18:11 | [KNMB] ArcanE · first_building Archery Range |
| 18:21 | kenttage · wall_segment Palisade Wall x3 |
| 18:22 | kenttage · wall_segment Palisade Wall x1 |
| 18:42 | Trollolo · age_up castle |
| 18:49 | evi · age_up castle |
| 18:58 | [KMNB] Dedão · first_building Castle |
| 19:00 | evi · first_building Castle |
| 19:01 | Trollolo · first_building Siege Workshop |
| 19:08 | kenttage · wall_segment Palisade Wall x1 |
| 19:09 | [KMNB] RAGNAR · first_market_buy 100 stone |
| 19:55 | [KMNB] Dedão · wall_segment Palisade Wall x1 |
| 19:57 | [KMNB] Dedão · wall_segment Palisade Wall x1 |
| 19:59 | [KMNB] Dedão · wall_segment Palisade Wall x1 |
| 20:38 | evi · wall_segment Stone Wall x1 |
| 20:40 | evi · wall_segment Stone Wall x1 |
| 20:51 | [KNMB] ArcanE · first_market_buy 100 food |
| 21:16 | kenttage · wall_segment Palisade Wall x3 |
| 21:18 | kenttage · wall_segment Palisade Wall x3 |
| 22:41 | Trollolo · first_market_buy 100 food |
| 23:36 | [KNMB] ArcanE · age_up castle |
| 23:58 | evi · wall_segment Stone Wall x6 |
| 24:22 | [KNMB] ArcanE · resign |
[ ANÁLISIS IA · 1 CRÉDITO ]
¿Qué pasó realmente en esta partida?
Wolo.gg analiza cada decisión: build order, eco, micro, errores típicos por bracket. Análisis personalizado por WhatsApp o Discord en 30 segundos.
Guía civ
Indostaníes
Perfil
Jugador #5407539